 Dungeon Crawl Stone Soup version 0.24-a0-652-g46ecf6d (webtiles) character file.

Game seed: 15049433958508530984, levelgen mode: deterministic

2020 Charmandara the Cruncher (level 9, -6/65 HPs)
             Began as a Formicid Fighter on Sept 27, 2019.
             Was an Initiate of Gozag.
             Shot with an arrow by a centaur (14 damage)
             ... on level 6 of the Dungeon.
             The game lasted 00:11:51 (2241 turns).

Charmandara the Cruncher (Formicid Fighter)         Turns: 2241, Time: 00:11:51

Health: -6/65      AC:  9    Str: 29    XL:     9   Next: 47%
Magic:  9/9        EV: 12    Int: 12    God:    Gozag
Gold:   273        SH: 11    Dex: 15    Spells: 8/8 levels left

rFire    + . .     SeeInvis +   a - +0 quarterstaff
rCold    . . .     Gourm    .   c - +0 shield
rNeg     . . .     Faith    .   k - +0 chain mail {rF+}
rPois    .         Spirit   .   (helmet unavailable)
rElec    .         Reflect  .   (no cloak)
rCorr    +         Harm     .   (no gloves)
MR       .....                  (no boots)
Stlth    ..........             m - amulet of magic regeneration
HPRegen  0.20/turn              q - +4 ring of intelligence
MPRegen  0.36/turn              l - ring of resist corrosion

@: mighty, agile, lethally poisoned (-6 -> -20), flying
A: permanent stasis, dig shafts and tunnels, four strong arms, antennae 3
a: Dig, Shaft Self, Potion Petition, Call Merchant, Bribe Branch, Renounce
Religion


You were on level 6 of the Dungeon.
You worshipped Gozag.
Gozag was aware of your devotion.
You were near starving.

You visited 2 branches of the dungeon, and saw 8 of its levels.
You also visited: Sewer.

You collected 354 gold pieces.
You paid 81 gold pieces to Gozag.

Inventory:

Hand Weapons
 a - a +0 quarterstaff (weapon)
Armour
 b - a +0 scale mail
 c - a +0 shield (worn)
 k - a +0 chain mail of fire resistance (worn)
   (You took it off an orc on level 5 of the Dungeon)
 n - the +0 pair of boots of Compression {rC+ MR+, unknown}
   (You found it on level 6 of the Dungeon)

   It protects you from cold.
   It affects your resistance to hostile enchantments.
Magical Staves
 o - an uncursed staff of conjuration {unknown}
   (You found it on level 7 of the Dungeon)
Jewellery
 e - a +3 ring of intelligence
   (You found it on level 1 of the Dungeon)
 l - a ring of resist corrosion (right hand)
   (You found it on level 4 of the Dungeon)
 m - an amulet of magic regeneration (around neck)
   (You found it on level 4 of the Dungeon)
 q - a +4 ring of intelligence (left hand)
   (You found it in a sewer)
Wands
 i - a wand of acid (1)
   (You found it on level 5 of the Dungeon)
 j - a wand of flame (4)
   (You found it on level 3 of the Dungeon)
Scrolls
 d - a scroll of remove curse
 h - a scroll of fear
Potions
 g - 2 potions of magic
 p - a potion of flight
Comestibles
 f - 9 rations


   Skills:
 + Level 3.9 Fighting
 * Level 11.3 Staves
 + Level 3.9 Armour
 + Level 4.3 Shields


You had 8 spell levels left.
You didn't know any spells.
Your spell library was empty.

Dungeon Overview and Level Annotations

Branches:
Dungeon (7/15)             Temple (1/1) D:4           Sewer (visited)

Altars:
Ashenzari
Dithmenos
Elyvilon
Gozag
Hepliaklqana
Kikubaaqudgha
Nemelex Xobeh
Okawaru
Ru
Sif Muna
Wu Jian
Xom
Zin
The Shining One


Innate Abilities, Weirdness & Mutations

You cannot be hasted, slowed, berserked, paralysed or teleported.
You can dig through walls and to a lower floor.
Your four strong arms can wield two-handed weapons with a shield.
You have a pair of large antennae on your head. (SInv)


Message History

The ogre becomes distracted by the nearby gold, dreaming of imaginary riches.
The crimson imp closely misses you.
You take 4 damage, and have 29/64 hp.
The ogre shouts!
You thump the orc warrior!
You kill the orc warrior!
Your Shields skill increases to level 4!
The ogre is no longer distracted by gold.
You block the crimson imp's attack.
You miss the crimson imp.
An adder comes into view.
You closely miss the crimson imp. The crimson imp completely misses you.
Aim: a water moccasin The bolt of acid hits the ogre.
The ogre is splashed with acid!
The bolt of acid hits the worker ant!
The worker ant is splashed with acid.
The acid corrodes the worker ant!
You kill the worker ant!
The crimson imp becomes distracted by the nearby gold, dreaming of imaginary riches.
The crimson imp shouts!
You bludgeon the ogre!!
You kill the ogre!
You hear a shout!
The crimson imp is no longer distracted by gold.
The water moccasin becomes distracted by the nearby gold, dreaming of imaginary riches.
The crimson imp becomes distracted by the nearby gold, dreaming of imaginary riches.
The adder becomes distracted by the nearby gold, dreaming of imaginary riches.
The crimson imp shouts!
Okay, then.
You closely miss the crimson imp.
The crimson imp is no longer distracted by gold.
The water moccasin hisses angrily.
The adder hisses angrily.
The water moccasin is no longer distracted by gold.
The crimson imp blinks!
You hit the water moccasin.
The water moccasin bites you but does no damage.
You closely miss the water moccasin. You block the water moccasin's attack.
You closely miss the water moccasin. You block the water moccasin's attack.
Your chain mail prevents you from hitting the water moccasin.
The adder is no longer distracted by gold.
The water moccasin becomes distracted by the nearby gold, dreaming of imaginary riches.
You catch the helpless water moccasin completely off-guard!
You sock the water moccasin!
The water moccasin is no longer distracted by gold.
The water moccasin bites you.
You are poisoned.
The water moccasin poisons you!
The crimson imp becomes distracted by the nearby gold, dreaming of imaginary riches.
You block the water moccasin's attack.
You take 5 damage, and have 26/65 hp.
You hit the water moccasin but do no damage.
You feel sick. The water moccasin bites you.
You are more poisoned.
The water moccasin poisons you!
You take 3 damage, and have 23/65 hp.
You closely miss the water moccasin.
You feel sick.
The crimson imp is no longer distracted by gold.
You block the water moccasin's attack.
You take 1 damage, and have 22/65 hp.
You sock the water moccasin!
You kill the water moccasin!
You feel sick.
A centaur comes into view.
The crimson imp blinks!
You take 2 damage, and have 20/65 hp.
You closely miss the adder.
* * * LOW HITPOINT WARNING * * *
You feel sick.
The centaur shouts!
The adder becomes distracted by the nearby gold, dreaming of imaginary riches.
The centaur wields a +0 shortbow.
The centaur shoots an arrow.
The arrow hits you!
* * * LOW HITPOINT WARNING * * *
The adder hisses angrily.
You take 8 damage, and have 12/65 hp.
Okay, then.
Okay, then. [a] - 0 gold - resistance and flight [b] - 0 gold - flight [c] - 0 gold - flight, might and agility Purchase which effect?
You feel very buoyant.
You fly up into the air.
You feel very mighty all of a sudden.
You feel agile all of a sudden.
* * * LOW HITPOINT WARNING * * *
You feel sick.
You hear a shout!
The centaur shoots an arrow.
You block the arrow.
The crimson imp blinks!
The centaur shoots an arrow.
You block the arrow.
You hear a shout!
Unknown command.
You take 2 damage, and have 10/65 hp.
Unknown command.
A centaur comes into view.
* * * LOW HITPOINT WARNING * * *
You feel sick.
The centaur shouts!
The adder is no longer distracted by gold.
The centaur shoots an arrow.
The arrow hits you!
You die...
Your body crumbles into a pile of gold.

....h ... #... .S#
##. #.§5 #.# ...
#...###.# #.#
#...>.S####O#
##...##....#
#####.#.###..#....
....cc.......# ≈
###.#@###$.#
..#.S$$..# .#
#####$$# { { #.
#.{# { #..# { #oo.
#.... ...##. #.#
#.


You could see 2 centaurs, a crimson imp and an adder.

Vanquished Creatures
  3 water moccasins
  An orc warrior (D:6)
  An ice beast (D:7)
  Purgy (Sewer)
  2 phantoms
  4 ogres
  3 centaurs
  2 bullfrogs (D:6)
  A scorpion (D:5)
  A howler monkey (D:5)
  A centaur zombie (D:7)
  A hound (D:6)
  2 orc wizards
  2 orc priests
  A bullfrog skeleton (D:7)
  An iguana (D:7)
  5 worker ants
  A hound skeleton (D:4)
  An adder (D:6)
  An ooze (D:3)
  3 dart slugs (D:1)
  6 leopard geckos
  8 orcs
  7 giant cockroaches
  6 goblins
  5 hobgoblins
  12 jackals
  2 quokkas
  2 ball pythons
  6 bats
  8 frilled lizards
  5 kobolds
  A leopard gecko skeleton (D:7)
  2 rats (D:3)
108 creatures vanquished.

Notes
Turn   | Place    | Note
-------+----------+-------------------------------------------
     0 | D:1      | Charmandara the Formicid Fighter began the quest for the
                  | Orb.
     0 | D:1      | Reached XP level 1. HP: 18/18 MP: 1/1
    54 | D:1      | Reached XP level 2. HP: 15/24 MP: 2/2
   104 | D:1      | Reached skill level 3 in Staves
   105 | D:1      | HP: 5/24 [kobold (2)]
   107 | D:1      | HP: 2/24 [dart slug (3)]
   114 | D:1      | Reached XP level 3. HP: 3/29 MP: 3/3
   518 | D:3      | Reached skill level 4 in Staves
   518 | D:3      | Reached XP level 4. HP: 35/35 MP: 4/4
   593 | D:4      | Noticed an ogre
   617 | D:4      | Killed an ogre
   617 | D:4      | Reached skill level 5 in Staves
   617 | D:4      | Reached XP level 5. HP: 24/41 MP: 5/5
   708 | D:4      | HP: 10/41 [poisoned by a worker ant]
   715 | D:4      | HP: 8/41 [poisoned by a worker ant]
   722 | D:4      | HP: 7/41 [poisoned by a worker ant]
   730 | D:4      | HP: 6/41 [poisoned by a worker ant]
   791 | D:5      | Entered Level 5 of the Dungeon
   795 | D:5      | Reached XP level 6. HP: 16/47 MP: 6/6
   797 | D:5      | Found a glowing drain.
   824 | Sewer    | Entered a sewer
   829 | Sewer    | Reached skill level 6 in Staves
   918 | Sewer    | Noticed Purgy
   929 | Sewer    | Killed Purgy
   995 | D:5      | Noticed a water moccasin
   996 | D:5      | Noticed a phantom
  1012 | D:5      | HP: 11/47 [poisoned by a water moccasin]
  1013 | D:5      | Killed a water moccasin
  1013 | D:5      | Reached skill level 7 in Staves
  1013 | D:5      | Reached XP level 7. HP: 13/52 MP: 7/7
  1017 | D:5      | HP: 11/52 [scorpion (6)]
  1023 | D:5      | HP: 9/52 [phantom (4)]
  1024 | D:5      | HP: 4/52 [phantom (5)]
  1275 | D:5      | Reached skill level 8 in Staves
  1297 | D:5      | HP: 5/52 [ogre/+0 giant club (14)]
  1298 | D:5      | Reached XP level 8. HP: 6/58 MP: 8/8
  1421 | D:4      | Reached skill level 9 in Staves
  1451 | D:4      | Found a staircase to the Ecumenical Temple.
  1460 | Temple   | Entered the Ecumenical Temple
  1513 | Temple   | Became a worshipper of Gozag Ym Sagoz the Greedy
  1625 | D:5      | HP: 11/58 [ice beast (13)]
  1682 | D:5      | HP: 12/58 [ice beast (9)]
  1684 | D:5      | HP: 1/58 [ice beast (10)]
  1768 | D:5      | HP: 12/58 [centaur (3)]
  1807 | D:5      | Found an iron altar of Okawaru.
  1886 | D:5      | You fall into a shaft and drop 1 floor!
  1911 | D:6      | Found an ancient bone altar of Kikubaaqudgha.
  1930 | D:6      | Reached skill level 10 in Staves
  1964 | D:7      | HP: 13/58 [centaur zombie (5)]
  1969 | D:7      | HP: 13/58 [water moccasin (1)]
  1973 | D:6      | HP: 6/58 [water moccasin (1)]
  2078 | D:7      | Reached XP level 9. HP: 23/64 MP: 9/9
  2196 | D:7      | Reached skill level 11 in Staves
  2214 | D:6      | Got a pair of faintly humming boots
  2225 | D:6      | Reached skill level 4 in Shields
  2239 | D:6      | HP: 12/65 [centaur/arrow (7)]
  2241 | D:6      | Shot with an arrow by a centaur

Levels and vault maps discovered:
D:1:      minmay_arrival_solitary_statue, layout_loops_cross,
          hangedman_decor_growths, chequers_serial_rivers_small_b, minmay_vboxes
D:2:      layout_basic, grunt_decor_fettered
D:3:      layout_basic, lemuel_zombie_altar_yredelemnul,
          eat_drink_and_be_merry_uskayaw, grunt_decor_mini_mirrors
D:4:      layout_loops_cross, minmay_temple_entry_waves, serial_forest,
          infiniplex_forest_straight_1, infiniplex_forest_straight_2,
          infiniplex_forest_zigzag_1, infiniplex_forest_straight_3,
          infiniplex_forest_lined_2, infiniplex_forest_lined_3,
          infiniplex_forest_clump_small, infiniplex_forest_clump_curved,
          infiniplex_forest_lined_room_, dk_rats_in_the_wall
D:5:      layout_basic, nicolae_overflow_hidden_temple, first_ration,
          portal_sewer_entry_f
D:6:      minmay_cornered_nines, layout_loops_ring, trog_eyes_of_draining,
          kiku_gazebo_garden_becter, serial_shops, shop, nicolae_ru_awakened_eye
D:7:      layout_rooms
Temple:   nicolae_temple_x_marks_the_god

Skill      XL: |  1  2  3  4  5  6  7  8  9 |
---------------+----------------------------+-----
Staves         | 3 4 5 7 8 10 11 | 11.3
Shields        | 4 |  4.3
Fighting       | |  3.9
Armour         | |  3.9

Action                   |  1- 3 |  4- 6 |  7- 9 || total
-------------------------+-------+-------+-------++-------
Melee: Quarterstaff      |    91 |    85 |   191 ||   367
Invok: Potion Petition   |       |       |     1 ||     1
 Abil: Dig               |     1 |       |       ||     1
Evoke: Wand              |       |     5 |    20 ||    25
  Use: Potion            |       |     2 |     7 ||     9
       Scroll            |       |     4 |     3 ||     7
 Stab: Distracted        |       |       |     2 ||     2
  Eat: Chunk             |       |     1 |     2 ||     3
Armor: Scale mail        |    57 |    21 |       ||    78
       Chain mail        |       |     5 |    72 ||    77
Dodge: Dodged            |    43 |    26 |    39 ||   108
Block: Shield            |    58 |    36 |    81 ||   175

Table legend:
 A = Non-vault XP
 B = Vault XP
 C = Vault XP percentage of total XP
 D = Non-vault monster count
 E = Vault monster count
 F = Vault count percentage of total count
                 A         B        C        D         E       F
            +---------+---------+-------+---------+---------+-------
      Total |    2725 |     162 |   5.6 |      90 |      18 |  16.7
            +---------+---------+-------+---------+---------+-------
        D:1 |      14 |      17 |  54.8 |       9 |       5 |  35.7
        D:2 |      13 |       0 |   0.0 |       6 |       0 |   0.0
        D:3 |      32 |       0 |   0.0 |      18 |       0 |   0.0
        D:4 |     537 |       0 |   0.0 |      16 |       0 |   0.0
        D:5 |     868 |      13 |   1.5 |      16 |       6 |  27.3
        D:6 |     855 |       0 |   0.0 |      12 |       0 |   0.0
        D:7 |     406 |       0 |   0.0 |      13 |       0 |   0.0
      Sewer |       0 |     132 | 100.0 |       0 |       7 | 100.0
            +---------+---------+-------+---------+---------+-------

Levels and vault maps discovered:
D:1:      minmay_arrival_solitary_statue, layout_loops_cross,
          hangedman_decor_growths, chequers_serial_rivers_small_b, minmay_vboxes
D:2:      layout_basic, grunt_decor_fettered
D:3:      layout_basic, lemuel_zombie_altar_yredelemnul,
          eat_drink_and_be_merry_uskayaw, grunt_decor_mini_mirrors
D:4:      layout_loops_cross, minmay_temple_entry_waves, serial_forest,
          infiniplex_forest_straight_1, infiniplex_forest_straight_2,
          infiniplex_forest_zigzag_1, infiniplex_forest_straight_3,
          infiniplex_forest_lined_2, infiniplex_forest_lined_3,
          infiniplex_forest_clump_small, infiniplex_forest_clump_curved,
          infiniplex_forest_lined_room_, dk_rats_in_the_wall
D:5:      layout_basic, nicolae_overflow_hidden_temple, first_ration,
          portal_sewer_entry_f
D:6:      minmay_cornered_nines, layout_loops_ring, trog_eyes_of_draining,
          kiku_gazebo_garden_becter, serial_shops, shop, nicolae_ru_awakened_eye
D:7:      layout_rooms
Temple:   nicolae_temple_x_marks_the_god

Table legend:
 A = Turns spent in this place as a percentage of turns spent in the entire game.
 B = Non-inter-level travel turns spent in this place as a percentage of non-inter-level travel turns spent in the entire game.
 C = Inter-level travel turns spent in this place as a percentage of turns spent in this place.
 D = Turns resting spent in this place as a percentage of non-inter-level travel turns spent in this place.
 E = Turns spent auto-exploring this place as a percentage of non-inter-level travel turns spent in this place.
 F = Non-inter-level travel turns spent in this place divided by the number of levels of this place that you've seen.
                   A       B       C       D       E      F
               +-------+-------+-------+-------+-------+----------------------
         Total | 100.0 | 100.0 |   0.0 |   8.0 |   0.0 | 249.0
       Dungeon |  90.5 |  90.5 |   0.0 |   8.8 |   0.0 | 289.9
        Temple |   2.9 |   2.9 |   0.0 |   0.0 |   0.0 |  65.0
         Sewer |   6.6 |   6.6 |   0.0 |   0.0 |   0.0 | 147.0
               +-------+-------+-------+-------+-------+----------------------

Table legend:
 A = Kills in this place as a percentage of kills in entire the game.
 B = Kills by you in this place as a percentage of kills by you in the entire game.
 C = Kills by friends in this place as a percentage of kills by friends in the entire game.
 D = Other kills in this place as a percentage of other kills in the entire game.
 E = Experience gained in this place as a percentage of experience gained in the entire game.
 F = Experience gained in this place divided by the number of levels of this place that you have seen.
                   A       B       C       D       E      F
               +-------+-------+-------+-------+-------+----------------------
         Total | 100.0 | 100.0 |   N/A |   N/A | 100.0 | 320.8
       Dungeon |  93.5 |  93.5 |   N/A |   N/A |  95.4 | 393.6
         Sewer |   6.5 |   6.5 |   N/A |   N/A |   4.6 | 132.0
               +-------+-------+-------+-------+-------+----------------------
